 Dungeon Crawl Stone Soup version 0.18.1-8-gdd0e5ea (webtiles) character file.

136 hawthorn the Insei (level 5, -2/32 HPs)
             Began as a Tengu Monk on May 23, 2016.
             Slain by a phantom (9 damage)
             ... on level 4 of the Dungeon.
             The game lasted 00:07:10 (2844 turns).

hawthorn the Insei (Tengu Monk)                     Turns: 2844, Time: 00:07:11

Health: -2/32      AC:  3    Str: 11 (13) XL:     5   Next: 19%
Magic:  6/6        EV:  9    Int:  9 (10) God:
Gold:   110        SH:  0    Dex: 14 (16) Spells: 0 memorised, 4 levels left

rFire  . . .     SeeInvis .     r - +1 dagger (venom)
rCold  . . .     Gourm    .     a - +0 robe
rNeg   . . .     Faith    .     (no shield)
rPois  +         Spirit   .     (helmet restricted)
rElec  .         Dismiss  .     p - +0 cloak
rCorr  .         Reflect  .     (no gloves)
SustAt .         Harm     .     (boots unavailable)
MR     .....                    (no amulet)
Stlth  ++........               (no ring)
                                v - ring of poison resistance

@: not resistant to hostile enchantments, unstealthy
A: beak, talons 3, able to fly 1
a: Fly


You were on level 4 of the Dungeon.
You were not hungry.

You visited 1 branch of the dungeon, and saw 4 of its levels.

You collected 110 gold pieces.

Inventory:

Hand Weapons
 d - a +1 hunting sling of freezing
 j - a +2 trident of piercing
 r - a +1 dagger of venom (weapon)
Missiles
 i - 14 poisoned needles
 l - 7 javelins (quivered)
 m - 18 sling bullets
 t - 47 stones
Armour
 a - a +0 robe (worn)
 e - a +0 shield
 p - a +0 cloak (worn)
Jewellery
 k - an uncursed amulet of harm {unknown}
 v - a ring of poison resistance (left hand)
Wands
 h - a wand of paralysis (11/24)
Scrolls
 c - a scroll of identify
 f - a scroll of amnesia
 g - 3 scrolls of remove curse
Potions
 o - a potion of might
Comestibles
 b - 6 bread rations
 n - a meat ration
 s - a beef jerky
 u - a slice of pizza
 w - 2 fruits


   Skills:
 + Level 3.4 Fighting
 + Level 0.4 Short Blades
 + Level 4.6 Dodging
 + Level 2.8 Stealth
 + Level 5.2 Unarmed Combat


You had 4 spell levels left.
You didn't know any spells.

Dungeon Overview and Level Annotations

Branches:
Dungeon (4/15)
 Temple: D:4-7

Altars:
Nemelex Xobeh
Yredelemnul


Innate Abilities, Weirdness & Mutations

You have a beak for a mouth.
You have claws for feet.
You can fly.


Message History

You hit Robin but do no damage. You peck Robin, but do no damage.
Robin is severely wounded.
The phantom blinks!
Robin closely misses you.
You hit Robin but do no damage. You punch Robin, but do no damage.
Robin is almost dead.
Robin says, "A pitiful Tengu like you will never find the ORB!"
Robin closely misses you.
You hit Robin.
You kill Robin!
Items here: ) [[ † a trident of piercing; an animal skin; a helmet; the hobgoblin corpse of Robin
j - a trident of piercing The phantom closely misses you.
Things that are here:
a hand axe; an orc corpse
There is a stone staircase leading up, spattered with blood here.
You closely miss the phantom. The phantom hits you!
* * * LOW HITPOINT WARNING * * *
The phantom hits you!
You die...

#.... ....#
#....#....#
#....#....#
#.........#
#.........# ..
#[........#...
#.............
#@........
####W.###...
#..[.).#
##.##..# ...
...... .....
g#....#
.......#g
....#
.......#.
....#
.........
.#..#


You could see a phantom.

Vanquished Creatures
  An iguana (D:3)
  Robin (D:4)
  2 adders
  2 worms (D:2)
  A dart slug (D:1)
  2 giant geckos
  2 orcs
  3 giant cockroaches (D:1)
  2 gnoll zombies (D:2)
  15 hobgoblins
  3 quokkas
  A ball python (D:2)
  10 bats
  2 giant newts (D:2)
  5 goblins
  11 kobolds
  4 rats
67 creatures vanquished.

Notes
Turn   | Place    | Note
--------------------------------------------------------------
     0 | D:1      | hawthorn the Tengu Monk began the quest for the Orb.
     0 | D:1      | Reached XP level 1. HP: 14/14 MP: 2/2
   120 | D:1      | Reached XP level 2. HP: 19/19 MP: 3/3
   708 | D:2      | Found a sparkling altar of Nemelex Xobeh.
   712 | D:2      | Reached XP level 3. HP: 23/23 MP: 4/4
   914 | D:2      | Reached skill level 5 in Unarmed Combat
  1504 | D:2      | Reached XP level 4. HP: 28/28 MP: 5/5
  1601 | D:2      | Found a basalt altar of Yredelemnul.
  2659 | D:4      | Noticed Robin
  2663 | D:4      | Gained mutation: You can fly. [Tengu growth]
  2663 | D:4      | Reached XP level 5. HP: 32/32 MP: 6/6
  2664 | D:4      | Noticed a phantom
  2838 | D:4      | Killed Robin
  2844 | D:4      | Slain by a phantom

Skill      XL: |  1  2  3 |
---------------+----------+-----
Unarmed Combat | 5 |  5.2
Dodging        | 4 |  4.6
Fighting       | |  3.4
Short Blades   | |  0.4
Stealth        | |  2.8

Action                   |  1- 3 |  4- 6 || total
-------------------------+-------+-------++-------
Melee: Unarmed           |    95 |       ||    95
       Kick              |    28 |    18 ||    46
       Peck              |    15 |    11 ||    26
       Punch             |     3 |     1 ||     4
       Dagger            |     4 |    79 ||    83
  Use: Scroll            |     5 |     3 ||     8
       Potion            |       |     7 ||     7
 Stab: Sleeping          |     7 |     3 ||    10
  Eat: Chunk             |     2 |     4 ||     6
Armor: Robe              |    11 |    13 ||    24
Dodge: Dodged            |    58 |    76 ||   134
